 Dungeon Crawl Stone Soup version 0.20.1-1-g8b1a95d (webtiles) character file.

714 letownia2 the Grave Robber (level 7, 41/55 HPs)
             Began as a Deep Dwarf Necromancer on Dec 9, 2017.
             Quit the game in the Ecumenical Temple.
             The game lasted 00:13:56 (4356 turns).

letownia2 the Grave Robber (Deep Dwarf Necromancer) Turns: 4356, Time: 00:13:57

Health: 41/55      AC:  7    Str: 12    XL:     7   Next: 41%
Magic:  15/15      EV: 11    Int: 17    God:
Gold:   176        SH:  0    Dex: 13    Spells: 13/17 levels left

rFire    . . .     SeeInvis .   e - +0 war axe (curse)
rCold    . . .     Gourm    .   (no shield)
rNeg     . . .     Faith    .   v - +0 ring mail
rPois    .         Spirit   .   (no helmet)
rElec    .         Reflect  .   (no cloak)
rCorr    .         Harm     .   x - +0 pair of gloves
MR       +....                  i - +0 pair of boots
Stlth    +.........             (no amulet)
Regen    0.0/turn               (no ring)
MPRegen  0.2/turn               (no ring)

@: non-regenerating
A: damage resistance, heal wounds, sense surroundings 1, no regeneration
a: Heal Wounds


You were in the Ecumenical Temple.
You were very hungry.

You visited 2 branches of the dungeon, and saw 7 of its levels.
You also visited: Sewer.

You collected 176 gold pieces.

Inventory:

Hand Weapons
 e - a cursed +0 war axe (weapon)
Armour
 i - a +0 pair of boots (worn)
 m - a +0 scale mail
 v - a +0 ring mail (worn)
 x - a +0 pair of gloves (worn)
Jewellery
 g - an uncursed ring of fire
Wands
 p - a wand of disintegration (15/24)
 r - a wand of flame (12/48)
Scrolls
 a - a scroll of identify {unknown}
 k - 2 scrolls of amnesia {unknown}
 l - a scroll of enchant weapon {unknown}
 n - 2 scrolls of magic mapping
 s - 2 scrolls of blinking {unknown}
 u - 2 scrolls of teleportation
 w - a scroll of remove curse {unknown}
Potions
 f - a potion of mutation {unknown}
 o - a potion of agility {unknown}
 q - a potion of experience {unknown}
 t - a potion of haste {unknown}
 z - a potion of curing {unknown}
 A - a potion of might {unknown}
 B - a potion of heal wounds {unknown}
Books
 b - a book of Necromancy

   Spells                             Type                      Level
   a - Pain                           Necromancy                   1
   b - Animate Skeleton               Necromancy                   1
   c - Vampiric Draining              Necromancy                   3
   d - Regeneration                   Charms/Necromancy            3
   e - Animate Dead                   Necromancy                   4
   f - Control Undead                 Necromancy                   4
Comestibles
 c - 2 bread rations
 d - a meat ration
 h - a royal jelly
 j - 3 fruits


   Skills:
 - Level 2.1 Dodging
 - Level 2.4 Stealth
 + Level 5.8 Spellcasting
 - Level 6.8 Necromancy


You had 13 spell levels left.
You knew the following spells:

 Your Spells              Type           Power        Failure   Level  Hunger
a - Pain                  Necr           ####         1%          1    None
v - Vampiric Draining     Necr           ####......   5%          3    ##.....


Dungeon Overview and Level Annotations

Branches:
Dungeon (6/15)             Temple (1/1) D:6

Altars:
Ashenzari
Cheibriados
Dithmenos
Fedhas
Kikubaaqudgha
Nemelex Xobeh
Okawaru
Qazlal
Ru
Trog
Uskayaw
Xom
Yredelemnul

Shops:
D:4 [   D:5 [

Annotations:
D:5 Frank's ghost, novice OpFi


Innate Abilities, Weirdness & Mutations

You are resistant to damage.
You can heal yourself by infusing magical energy.
You passively map a small area around you.
You do not regenerate.


Message History

Found a shadowy altar of Dithmenos.
Unknown command.
Found a sparkling altar of Nemelex Xobeh.
Unknown command.
Unknown command.
Found a blossoming altar of Fedhas and a sacrificial altar of Ru.
There is a blossoming altar of Fedhas here.
Found a hide-covered altar of Uskayaw.
There is an iron altar of Okawaru here.
Found an ancient bone altar of Kikubaaqudgha.
Found a shimmering altar of Xom.
Found a shattered altar of Ashenzari.
You are feeling very hungry.
There is a shattered altar of Ashenzari here.
Found a basalt altar of Yredelemnul.
Done exploring.
Done exploring.
Done exploring.
Unknown command.
Are you sure you want to abandon this character and quit the game? (Confirm with "yes".)

♣....♣..♣♣.♣♣
♣.......♣...♣
♣.._...♣♣♣♣.♣♣
♣.....♣♣♣♣...♣
♣♣...♣♣♣♣.♣♣.♣
♣.♣♣♣ ♣.♣♣♣.♣♣
♣.♣ ♣.♣ ♣..♣♣♣
♣♣.♣
♣♣.♣♣♣♣...♣♣
♣♣.♣♣
♣♣.♣♣♣....@.♣
♣♣.♣ ♣.P♣
♣♣.._..♣ ♣♣.♣
♣..♣ ♣.....♣
♣♣.♣♣ ♣♣.♣
♣♣...♣♣ ....♣♣
♣.♣ ♣.♣♣♣
♣♣♣..♣♣♣.♣ ♣♣♣
♣♣.♣♣.♣♣
♣..♣.♣
♣♣♣...♣♣♣


There were no monsters in sight!

Vanquished Creatures
  Sigmund (D:4)
  An ogre (D:4)
  A bullfrog (Sewer)
  A hound (D:4)
  An orc priest (D:6)
  An iguana (D:4)
  An orc wizard (D:6)
  3 worker ants (D:5)
  A hound skeleton (D:4)
  6 adders
  A shadow imp (D:5)
  13 oozes
  2 worms (D:4)
  13 leopard geckos
  5 orcs
  15 giant cockroaches
  2 goblins (D:3)
  A hobgoblin (D:1)
  9 ball pythons (Sewer)
  10 frilled lizards
  2 rats
90 creatures vanquished.

Notes
Turn   | Place    | Note
-------+----------+-------------------------------------------
     0 | D:1      | letownia2 the Deep Dwarf Necromancer began the quest for the Orb.
     0 | D:1      | Reached XP level 1. HP: 15/15 MP: 3/3
    76 | D:2      | Reached XP level 2. HP: 16/22 MP: 0/5
   343 | D:4      | Reached skill level 5 in Necromancy
   424 | D:4      | Found a snail-covered altar of Cheibriados.
   467 | D:4      | Found an iron altar of Okawaru.
   564 | D:4      | Found Fima's Armour Shop.
   581 | D:4      | Reached XP level 3. HP: 16/28 MP: 3/6
   586 | D:4      | Learned a level 3 spell: Vampiric Draining
   743 | D:4      | Found a glowing drain.
   762 | Sewer    | Entered a sewer
  1138 | Sewer    | Reached XP level 4. HP: 31/36 MP: 1/7
  1213 | Sewer    | Reached skill level 6 in Necromancy
  1788 | Sewer    | Reached XP level 5. HP: 39/42 MP: 5/8
  2403 | D:4      | Noticed an ogre
  2498 | D:4      | Killed an ogre
  2498 | D:4      | Reached XP level 6. HP: 10/49 MP: 0/12
  2642 | D:4      | Noticed Sigmund
  2780 | D:4      | Killed Sigmund
  2780 | D:4      | Reached skill level 5 in Spellcasting
  2780 | D:4      | Reached XP level 7. HP: 41/55 MP: 0/14
  3314 | D:5      | Entered Level 5 of the Dungeon
  3383 | D:5      | Found Sarholen's Armour Shoppe.
  3495 | D:5      | Noticed Frank's ghost (novice OpFi)
  4073 | D:6      | Found a staircase to the Ecumenical Temple.
  4082 | Temple   | Entered the Ecumenical Temple
  4356 | Temple   | Quit the game

Skill      XL: |  1  2  3  4  5  6 |
---------------+-------------------+-----
Spellcasting   | 2 4 5 |  5.8
Necromancy     | 5 6 |  6.8
Dodging        | |  2.1
Stealth        | |  2.4

Action                   |  1- 3 |  4- 6 |  7- 9 || total
-------------------------+-------+-------+-------++-------
Melee: War axe           |    23 |    59 |    36 ||   118
 Cast: Pain              |    34 |    78 |     7 ||   119
       Vampiric Draining |     9 |    18 |    13 ||    40
  Use: Scroll            |     1 |       |     1 ||     2
  Eat: Chunk             |     2 |     8 |     5 ||    15
Armor: Robe              |     1 |       |       ||     1
       Leather armour    |    13 |    26 |       ||    39
       Ring mail         |       |     5 |    25 ||    30
Dodge: Dodged            |    42 |    69 |    35 ||   146
